 Dungeon Crawl Stone Soup version 0.26-a0-712-ga5a9c9c9d0 (webtiles) character file.

Game seed: 4714243959311211276

40588 ANON1729 the Transmogrifier (level 13, -5/140 HPs)
             Began as a Deep Dwarf Transmuter on Oct 30, 2020.
             Was the Champion of the Shining One.
             Slain by a boulder beetle (25 damage)
             ... on level 12 of the Dungeon on Oct 31, 2020.
             The game lasted 01:30:56 (13571 turns).

ANON1729 the Transmogrifier (DDTm)                 Turns: 13571, Time: 01:30:56

Health: -5/140     AC:  8    Str: 19      XL:     13   Next: 75%
Magic:  4/4        EV: 19    Int: 13 (14) God:    the Shining One [******]
Gold:   1241       SH:  0    Dex: 13      Spells: 12/27 levels left

rFire    . . .     SeeInvis .     - Unarmed
rCold    + + +     Faith    .   (shield currently unavailable)
rNeg     + + +     Spirit   .   (armour currently unavailable)
rPois    +         Reflect  .   (helmet currently unavailable)
rElec    .         Harm     .   (cloak currently unavailable)
rCorr    .         Rampage  .   (gloves currently unavailable)
MR       +....                  (boots currently unavailable)
Stlth    +.........             p - amulet of magic regeneration
HPRegen  0.00/turn              G - +4 ring of evasion
MPRegen  0.34/turn              d - ring of protection from fire

@: ice-form, non-regenerating, glowing
A: large, damage resistance, heal wounds, deterioration 1, sense surroundings 2,
no regeneration
a: Heal Wounds, End Transformation, Divine Shield, Cleansing Flame, Summon
Divine Warrior, Brand Weapon With Holy Wrath, Renounce Religion


You were on level 12 of the Dungeon.
You worshipped the Shining One.
The Shining One was exalted by your worship.
You were a creature of crystalline ice.
You visited 3 branches of the dungeon, and saw 16 of its levels.
You visited the Abyss 1 time.
You also visited: Ossuary.

You collected 1570 gold pieces.
You spent 329 gold pieces at shops.

Inventory:

Hand Weapons
 a - a +8 vorpal flail (melded)
 b - a +0 hunting sling
 y - a +2 dagger of venom
 J - a +2 shortbow of flaming
Missiles
 c - 40 boomerangs
 i - 51 poisoned darts (quivered)
 m - 446 stones
 z - 228 sling bullets
 K - 213 arrows
Armour
 v - a +0 leather armour
 A - a +1 robe of the Archmagi (melded)
 B - a +0 pair of boots (melded)
 E - a +1 cloak of poison resistance (melded)
 F - a +0 scale mail
Jewellery
 d - a ring of protection from fire (right front paw)
 g - an uncursed ring of wizardry
 p - an amulet of magic regeneration (around neck)
 s - an uncursed ring of magical power
 G - a +4 ring of evasion (left front paw)
 N - an uncursed ring of stealth
 V - an uncursed ring of see invisible {unknown}
 Y - an uncursed ring of resist corrosion {unknown}
Wands
 e - a wand of flame (42)
 x - a wand of iceblast (15)
 U - a wand of enslavement (8)
Scrolls
 j - 2 scrolls of enchant armour
 l - 3 scrolls of teleportation
 o - a scroll of fog
 q - 3 scrolls of amnesia
 r - 5 scrolls of remove curse
 u - a scroll of silence
 C - 3 scrolls of enchant weapon
 O - a scroll of vulnerability {unknown}
 P - a scroll of immolation {unknown}
 R - 3 scrolls of identify
 S - 2 scrolls of fear {unknown}
 W - a scroll of noise {unknown}
 X - a scroll of magic mapping {unknown}
Potions
 f - 2 potions of lignification
 h - 2 potions of curing
 k - 3 potions of heal wounds
 n - 2 potions of mutation
 t - a potion of magic {unknown}
 w - a potion of berserk rage
 D - 3 potions of stabbing {unknown}
 H - 4 potions of resistance
 L - 2 potions of might
 M - 3 potions of brilliance
 Q - a potion of haste
 T - a potion of flight {unknown}
Miscellaneous
 I - a condenser vane (2/2)


   Skills:
 + Level 8.0 Fighting
 + Level 9.8 Dodging
 + Level 8.4 Unarmed Combat
 + Level 7.5 Spellcasting
 * Level 11.4 Transmutations
 + Level 8.7 Ice Magic
 + Level 9.4 Invocations


You had 12 spell levels left.
You knew the following spells:

 Your Spells              Type           Power        Failure   Level
a - Beastly Appendage     Tmut           ####..       1%          1
b - Wereblood             Tmut           ####....     1%          2
c - Ice Form              Ice/Tmut       ####....     2%          4
d - Spider Form           Tmut/Pois      ###.......   4%          3
e - Blade Hands           Tmut           ####......   3%          5

Your spell library contained the following spells:

 Spells                   Type           Power        Failure   Level
 Sting                    Tmut/Pois      ###.         1%          1
 Ignite Poison            Fire/Tmut/Pois ##......     9%          3
 Magic Dart               Conj           #...         14%         1
 Shock                    Conj/Air       #...         14%         1
 Blink                    Tloc           N/A          22%         2
 Call Imp                 Summ           #.......     22%         2
 Poisonous Vapours        Pois/Air       #.....       22%         2
 Slow                     Hex            #.......     22%         2
 Swiftness                Air            #.......     22%         2
 Hailstorm                Conj/Ice       ###.....     24%         4
 Conjure Flame            Conj/Fire      #.......     41%         3
 Mephitic Cloud           Conj/Pois/Air  #.......     41%         3
 Static Discharge         Conj/Air       #.......     41%         3
 Airstrike                Air            #.........   82%         4
 Olgreb's Toxic Radiance  Pois           #.......     82%         4
 Lightning Bolt           Conj/Air       #.........   99%         5
 Starburst                Conj/Fire      #.........   100%        6


Dungeon Overview and Level Annotations

Branches:
Dungeon (12/15)            Temple (0/1) D:5             Orc (2/2) D:10
    Elf (2/3) Orc:2       Ossuary (visited)
   Lair: D:8-11

Altars:
Ashenzari
Elyvilon
Fedhas
Hepliaklqana
Kikubaaqudgha
Makhleb
Ru
Vehumet
Wu Jian
Xom
Yredelemnul
Zin
The Shining One
Beogh

Shops:
Orc:2 !****

Annotations:
D:4 1 runed translucent door, Skull's ghost, amateur HuWz
D:7 1 runed translucent door, exclusion: downstairs, KennyOmg's ghost, novice MiBe
Orc:1 Josephine


Innate Abilities, Weirdness & Mutations

You are resistant to damage.
You can heal yourself by infusing magical energy.
You passively map the area around you.
You do not regenerate.
Your body sometimes deteriorates upon taking damage.


Message History

You punch the boulder beetle! You freeze the boulder beetle.
The boulder beetle is lightly wounded.
A killer bee comes into view.
You pummel the boulder beetle!! You freeze the boulder beetle!
The boulder beetle is heavily wounded.
The boulder beetle barely misses you.
An adder comes into view.
You hit the boulder beetle but do no damage.
The boulder beetle is heavily wounded.
The boulder beetle completely misses you.
A scorpion comes into view.
Evoke which item? (* to show all) (? for menu, Esc to quit)
Aiming: Enslavement
Press: ? - help, Shift-Dir - straight line, f - boulder beetle
Aim: a boulder beetle (heavily wounded, haloed, chance to defeat MR: 28%)
The boulder beetle easily resists.
The boulder beetle bites you.
You punch the boulder beetle! You freeze the boulder beetle.
The boulder beetle is severely wounded.
The boulder beetle bites you!!
You die...

* , * #.......#... , , .##
#...........
,.....#####.###... * ** ,
........)..##...) ,, , ,,
...[.####..##[... * ** ###**
##........ ,
###.###########.........
,.s...SB...........>..... *
#.#...#Y#####........... * *
,#.###.# ##.#.#......[ #* ..
##..# #..#.###.###. , ,#..
##..#####.##.# #.# ##
,,,,...###.........##.###.###.
,, #.......#########>........
, , ,,#.#...P.# ##......####
...PPP..# ####....####
....P_P†####.....###


You could see a boulder beetle, a scorpion and an adder.

Vanquished Creatures
  A deep elf sorcerer (Elf:1)
  An orc warlord (Orc:2)
  A deep elf annihilator (Elf:1)
  Erolcha (D:11)
  2 boulder beetles
  2 dancing weapons (Elf:1)
  A queen ant (D:10)
  10 orc high priests (Orc:2)
  3 deep elf knights (Elf:1)
  An orc knight (Orc:2)
  Pikel (D:4)
  19 deep elf magi (Elf:1)
  3 orc sorcerers
  An ugly thing (D:11)
  Maurice (D:8)
  A centaur zombie (D:12)
  Joseph (D:8)
  2 trolls
  Grinder (D:5)
  An air elemental (Elf:1)
  4 water elementals (Elf:1)
  8 yaks (D:11)
  4 wraiths
  Eustachio (D:6)
  2 steam dragons (D:12)
  7 wargs (Orc:2)
  Edmund (D:4)
  20 soldier ants (D:10)
  16 orc warriors
  2 sky beasts
  2 ice beasts (D:9)
  2 phantoms
  4 ogres
  8 centaurs
  3 elf zombies (Ossuary)
  A big kobold (D:9)
  6 bullfrogs
  A wyvern skeleton (D:11)
  3 scorpions
  2 jellies
  3 killer bees (D:10)
  2 howler monkeys (D:11)
  3 bullfrog zombies
  20 orc wizards
  A human zombie (Ossuary)
  Crazy Yiuf (D:2)
  2 bullfrog skeletons
  8 hounds
  29 orc priests
  4 centaur skeletons
  Jessica (D:2)
  2 iguanas
  27 worker ants
  4 big kobold zombies (Ossuary)
  2 mummies (Ossuary)
  4 gnolls
  12 adders
  3 shadow imps
  3 white imps
  4 oozes
  2 adder skeletons
  2 adder zombies (Ossuary)
  7 worms
  6 leopard geckos
  75 orcs
  A ball python (D:1)
  7 bats
  4 giant cockroaches
  6 hobgoblins
  11 jackals
  15 kobolds
  9 quokkas
  3 frilled lizards
  13 goblins
  12 hobgoblin zombies (Ossuary)
  2 jackal zombies (Ossuary)
  4 kobold zombies (Ossuary)
  2 leopard gecko zombies (D:8)
  8 orc zombies (Ossuary)
  A quokka skeleton (D:5)
  7 rats
  A rat zombie (Ossuary)
484 creatures vanquished.

Vanquished Creatures (others)
  A deep elf knight (Elf:1)
  An orc (Orc:2)
  40 fungi
  39 plants
81 creatures vanquished.

Grand Total: 565 creatures vanquished

Notes
Turn   | Place    | Note
-------+----------+-------------------------------------------
     0 | D:1      | ANON1729 the Deep Dwarf Transmuter began the quest for the
                  | Orb.
     0 | D:1      | Reached XP level 1. HP: 16/16 MP: 3/3
    31 | D:1      | Reached skill level 1 in Fighting
   118 | D:1      | Reached XP level 2. HP: 20/25 MP: 2/4
   122 | D:1      | Reached skill level 2 in Transmutations
   610 | D:1      | Reached XP level 3. HP: 31/31 MP: 4/6
   936 | D:2      | Found a runed translucent door.
   937 | D:2      | Noticed Crazy Yiuf
  1049 | D:2      | Noticed Jessica
  1060 | D:2      | Killed Jessica
  1060 | D:2      | Reached XP level 4. HP: 27/38 MP: 7/7
  1240 | D:2      | Noticed an angel
  1241 | D:2      | Found a glowing silver altar of Zin.
  1242 | D:2      | Found a shimmering altar of Xom.
  1521 | D:3      | Learned a level 2 spell: Wereblood
  1526 | D:3      | Learned a level 4 spell: Ice Form
  1978 | D:4      | Reached skill level 1 in Ice Magic
  1978 | D:4      | Reached XP level 5. HP: 37/45 MP: 8/8
  2328 | D:3      | Reached skill level 3 in Transmutations
  2698 | D:3      | Found a basalt altar of Yredelemnul.
  2699 | D:3      | Found a glowing golden altar of the Shining One.
  2700 | D:3      | Found a broken altar of Ashenzari.
  3005 | D:4      | Noticed Skull's ghost (amateur HuWz)
  3022 | D:4      | Found a runed translucent door.
  3046 | D:4      | Reached XP level 6. HP: 25/52 MP: 10/10
  3279 | D:4      | Noticed Edmund
  3284 | D:4      | Noticed Pikel
  4014 | D:4      | Killed Edmund
  4054 | D:4      | HP: 2/54 [Pikel/+1 whip of electrocution (16)]
  4066 | D:4      | Killed Pikel
  4066 | D:4      | Reached skill level 4 in Transmutations
  4066 | D:4      | Reached XP level 7. HP: 29/61 MP: 10/10
  4202 | D:3      | Became a worshipper of the Shining One
  4259 | D:5      | Entered Level 5 of the Dungeon
  4325 | D:5      | Reached XP level 8. HP: 19/69 MP: 11/11
  4335 | D:5      | Found an ornate altar of the Wu Jian Council.
  4396 | D:5      | Found a white marble altar of Elyvilon.
  4651 | D:5      | Noticed Grinder
  4656 | D:5      | Killed Grinder
  4656 | D:5      | Reached skill level 5 in Transmutations
  4754 | D:5      | Learned a level 3 spell: Spider Form
  4773 | D:5      | Found a staircase to the Ecumenical Temple.
  4793 | D:5      | Reached * piety under the Shining One
  5009 | D:5      | Found a sacrificial altar of Ru.
  5011 | D:5      | Found a hazy altar of Hepliaklqana.
  5144 | D:6      | Noticed Eustachio
  5151 | D:6      | Killed Eustachio
  5151 | D:6      | Reached skill level 5 in Dodging
  5170 | D:6      | Gained mutation: You passively map the area around you.
                  | [Deep Dwarf growth]
  5170 | D:6      | Reached XP level 9. HP: 35/78 MP: 12/12
  5267 | D:2      | Killed Crazy Yiuf
  5411 | D:6      | Reached skill level 5 in Ice Magic
  5851 | D:6      | Found a burning altar of Makhleb.
  6206 | D:6      | Reached skill level 6 in Transmutations
  6352 | D:6      | Found a blossoming altar of Fedhas.
  6353 | D:6      | Found an ancient bone altar of Kikubaaqudgha.
  6529 | D:7      | Learned a level 5 spell: Blade Hands
  6667 | D:7      | Reached skill level 5 in Unarmed Combat
  6841 | D:7      | Found a runed translucent door.
  6842 | D:7      | Noticed KennyOmg's ghost (novice MiBe)
  6842 | D:7      | Reached ** piety under the Shining One
  6871 | D:7      | Found a broken altar of Ashenzari.
  7197 | D:8      | Noticed Joseph
  7278 | D:8      | Found a sand-covered staircase.
  7294 | Ossuary  | Entered an ossuary
  7357 | Ossuary  | Reached *** piety under the Shining One
  7411 | Ossuary  | Reached skill level 1 in Invocations
  7433 | Ossuary  | Reached **** piety under the Shining One
  7580 | D:8      | Noticed Maurice
  7639 | D:8      | Killed Joseph
  7688 | D:8      | Reached XP level 10. HP: 57/87 MP: 15/15
  7758 | D:8      | Killed Maurice
  7758 | D:8      | Reached skill level 7 in Transmutations
  8503 | D:9      | HP: 2/87 [komodo dragon (19)]
  8543 | D:9      | Noticed a two-headed ogre
  8569 | D:8      | Reached skill level 5 in Fighting
  8698 | D:9      | Noticed a red ugly thing
  8702 | D:10     | Entered Level 10 of the Dungeon
  8767 | D:10     | Found a staircase to the Orcish Mines.
  8793 | D:10     | Reached skill level 5 in Spellcasting
  8842 | Orc:1    | Entered Level 1 of the Orcish Mines
  8842 | Orc:1    | Reached ***** piety under the Shining One
  9044 | Orc:1    | Noticed an orc warlord
  9054 | Orc:2    | Entered Level 2 of the Orcish Mines
  9054 | Orc:2    | Found Voumar's Distillery.
  9054 | Orc:2    | Found a staircase to the Elven Halls.
  9055 | Orc:2    | Noticed an orc sorcerer
  9066 | Orc:2    | Paralysed by an orc sorcerer for 3 turns
  9070 | Orc:2    | Noticed a sixfirhy
  9070 | Orc:2    | Killed an orc sorcerer
  9099 | Orc:2    | HP: 4/88 [orc wizard/puff of frost (11)]
  9177 | Orc:2    | Noticed an orc warlord
  9209 | Orc:2    | Noticed an orc high priest
  9210 | Orc:2    | Reached skill level 8 in Transmutations
  9218 | Orc:2    | Noticed an orc knight
  9220 | Orc:2    | Noticed a smoke demon
  9222 | Orc:2    | Killed an orc high priest
  9226 | Orc:2    | Reached XP level 11. HP: 55/96 MP: 14/14
  9241 | Orc:2    | Killed an orc knight
  9241 | Orc:2    | Reached skill level 5 in Invocations
  9265 | Orc:2    | Noticed an orc high priest
  9270 | Orc:2    | Noticed a soul eater
  9271 | Orc:2    | Noticed a sun demon
  9280 | Orc:2    | Killed an orc high priest
  9355 | Orc:2    | Noticed an orc high priest
  9359 | Orc:2    | Noticed an orc high priest
  9360 | Orc:2    | Killed an orc high priest
  9366 | Orc:2    | Killed an orc high priest
  9369 | Orc:2    | Found Wyesynog's General Store.
  9369 | Orc:2    | Found Gaag's Assorted Antiques.
  9377 | Orc:2    | Found a roughly hewn altar of Beogh.
  9419 | Orc:2    | Bought a potion of heal wounds for 50 gold pieces
  9419 | Orc:2    | Bought a potion of degeneration for 10 gold pieces
  9448 | Orc:2    | Found Xuvvee's General Store.
  9448 | Orc:2    | Noticed an orc high priest
  9448 | Orc:2    | Noticed an orc high priest
  9456 | Orc:2    | Noticed an orc high priest
  9464 | Orc:2    | Noticed an orc high priest
  9468 | Orc:2    | Noticed an orc sorcerer
  9473 | Orc:2    | Noticed a sun demon
  9474 | Orc:2    | Noticed a sixfirhy
  9475 | Orc:2    | Killed an orc high priest
  9480 | Orc:2    | Killed an orc high priest
  9480 | Orc:2    | Reached ****** piety under the Shining One
  9481 | Orc:2    | Found Zegrup's General Store.
  9485 | Orc:2    | Killed an orc sorcerer
  9485 | Orc:2    | Reached skill level 9 in Transmutations
  9487 | Orc:2    | Gained mutation: Your body sometimes deteriorates upon
                  | taking damage. [a neqoxec]
  9495 | Orc:2    | Killed an orc high priest
  9514 | Orc:2    | Noticed a sixfirhy
  9516 | Orc:2    | Killed an orc high priest
  9524 | Orc:2    | Bought a potion of heal wounds for 75 gold pieces
  9540 | Orc:2    | Bought a scroll of teleportation for 39 gold pieces
  9540 | Orc:2    | Bought a scroll of teleportation for 39 gold pieces
  9540 | Orc:2    | Bought a scroll of fog for 26 gold pieces
  9751 | Orc:2    | Bought a potion of berserk rage for 90 gold pieces
  9783 | Orc:2    | Noticed an orc high priest
  9792 | Orc:2    | Killed an orc high priest
  9914 | Orc:2    | Noticed an orc high priest
  9920 | Orc:2    | Noticed a soul eater
  9920 | Orc:2    | Killed an orc high priest
  9920 | Orc:2    | Reached XP level 12. HP: 106/106 MP: 11/11
  9986 | Orc:2    | Killed an orc warlord
 10354 | Elf:1    | Entered Level 1 of the Elven Halls
 10420 | Elf:1    | Found a radiant altar of Vehumet.
 10474 | Elf:1    | Reached skill level 10 in Transmutations
 10748 | Elf:1    | Noticed a deep elf annihilator
 10758 | Elf:1    | Killed a deep elf annihilator
 10760 | Elf:1    | Identified the Volume of Arcane Weapons
 11016 | Elf:1    | Found an ancient bone altar of Kikubaaqudgha.
 11089 | Elf:1    | Noticed a deep elf sorcerer
 11135 | Elf:1    | Cast into level 2 of the Abyss (a deep elf sorcerer)
 11149 | Elf:1    | Escaped the Abyss
 11158 | Elf:1    | Killed a deep elf sorcerer
 11158 | Elf:1    | Reached XP level 13. HP: 115/115 MP: 11/11
 11165 | Elf:1    | Found an ancient bone altar of Kikubaaqudgha.
 11827 | Orc:1    | Noticed Josephine
 12390 | D:10     | Reached skill level 11 in Transmutations
 13087 | D:11     | Noticed Erolcha
 13092 | D:11     | Killed Erolcha
 13513 | D:12     | Found a blossoming altar of Fedhas.
 13571 | D:12     | Slain by a boulder beetle

Illustrated notes

Levels and vault maps discovered:
D:1:      dpeg_arrival_rooms_b, layout_basic, minmay_crystal_water
D:2:      layout_loops_cross, grunt_temple_overflow_order_and_chaos_1,
          grunt_decor_one_mirror, kennysheep_jessica_study,
          uniq_crazy_yiuf_cottage
D:3:      layout_loops_corners, gammafunk_temple_overflow_claw,
          minmay_diced_spiral
D:4:      layout_loops_ring, hellmonk_ghost_happy_afterlife, uniq_edmund,
          uniq_pikel
D:5:      layout_rooms, lemuel_doored_altar, gammafunk_temple_overflow_pools,
          minmay_temple_entry_mist, basic_altar, uniq_grinder
D:6:      layout_basic, grunt_temple_overflow_growth_and_decay,
          lemuel_round_altar, uniq_eustachio
D:7:      layout_basic, ebering_ghost_reflecting_pool, ashenzari_altar_1
D:8:      layout_basic, nicolae_ossuary_entry_false_entrances, uniq_joseph,
          uniq_maurice
D:9:      layout_gridville, old_standard_altar, kennysheep_mini,
          due_lair_maze_entry_diamond, minmay_radiant
D:10:     layout_basic, orc_david_3, minivault_29
D:11:     layout_loops_ring, uniq_erolcha
D:12:     layout_rooms, fedhas_altar_3, uniq_azrael
Orc:1:    layout_diamond_mine, ebering_ghost_reflecting_pool, minmay_shop_mass,
          uniq_erica, uniq_harold, uniq_josephine
Orc:2:    st_orc_town, layout_diamond_mine, serial_shops, nicolae_shop_trees
Elf:1:    eino_elf_arrival_altar, layout_geoelf_octagon, serial_glass,
          glass_columns_a, glass_columns_b, feat_on_display, item_on_display_a,
          minmay_strange_pillars, minmay_elf_annihilation,
          hangedman_feature_mirror
Elf:2:    layout_onion_city, serial_shops, shop, uniq_aizul

Skill      XL: |  1  2  3  4  5  6  7  8  9 10 11 12 13 |
---------------+----------------------------------------+-----
Fighting       | 1 2 3 4 5 6 7 8 |  8.0
Transmutations | 2 3 4 5 6 8 9 10 11 | 11.4
Spellcasting   | 2 3 4 5 6 7 |  7.5
Unarmed Combat | 3 4 5 6 7 8 |  8.4
Dodging        | 3 4 5 6 7 8 9 |  9.8
Ice Magic      | 1 3 4 5 6 7 8 |  8.7
Invocations    | 2 4 6 8 9 |  9.4

Action                   |  1- 3 |  4- 6 |  7- 9 | 10-12 | 13-15 || total
-------------------------+-------+-------+-------+-------+-------++-------
Melee: Unarmed           |    45 |    41 |    40 |   292 |   267 ||   685
       Kick              |    19 |    17 |     6 |     3 |       ||    45
       Headbutt          |     5 |     5 |     2 |     1 |       ||    13
       Punch             |     3 |     1 |     8 |     2 |     1 ||    15
       Dagger            |    56 |    39 |       |       |       ||    95
       Flail             |       |    10 |   255 |   165 |    80 ||   510
 Fire: Hunting sling     |       |    64 |    26 |       |       ||    90
Throw: Dart              |    23 |    44 |    15 |       |       ||    82
 Cast: Beastly Appendage |    19 |    19 |     6 |     2 |       ||    46
       Wereblood         |       |       |     3 |     9 |     2 ||    14
       Ice Form          |       |       |     7 |    17 |    14 ||    38
       Spider Form       |       |       |     3 |       |       ||     3
       Blade Hands       |       |       |       |     1 |       ||     1
Invok: Divine Shield     |       |       |     1 |     3 |       ||     4
       Cleansing Flame   |       |       |       |     3 |       ||     3
 Abil: Heal Wounds       |     1 |     6 |     9 |    49 |    31 ||    96
       End Transformatio |       |       |       |     1 |     1 ||     2
Evoke: Wand              |       |    10 |     6 |    31 |     1 ||    48
       Condenser vane    |       |       |       |       |     1 ||     1
  Use: Scroll            |       |     8 |       |    14 |       ||    22
       Potion            |       |     1 |       |     3 |     1 ||     5
 Stab: Sleeping          |       |     2 |       |       |       ||     2
Armor: Robe              |    23 |    15 |    15 |     3 |     9 ||    65
       Skin              |       |       |     3 |    43 |    24 ||    70
       Scale mail        |       |       |    82 |    49 |       ||   131
Dodge: Dodged            |    89 |    80 |   215 |   388 |   237 ||  1009
Block: Other             |       |       |     4 |    33 |       ||    37

Table legend: (Time is in decaauts)
 A = Elapsed time spent in this place.
 B = Non-inter-level travel time spent in this place.
 C = Inter-level travel time spent in this place.
 D = Time resting spent in this place.
 E = Time spent auto-exploring this place.
 F = Levels seen in this place.
 G = Mean time per level.
                   A        B        C        D        E       F      G
               +--------+--------+--------+--------+--------+-----+--------+
         Total |  13719 |  12821 |    898 |    428 |   6286 |  18 |  762.2 |
       Dungeon |  10476 |   9687 |    789 |    136 |   5434 |  12 |  873.0 |
  Orcish Mines |   1470 |   1432 |     38 |      0 |    310 |   2 |  735.0 |
   Elven Halls |   1452 |   1381 |     71 |    292 |    511 |   2 |  726.0 |
         Abyss |     13 |     13 |      0 |      0 |      0 |   1 |   13.0 |
       Ossuary |    307 |    307 |      0 |      0 |     31 |   1 |  307.0 |
               +--------+--------+--------+--------+--------+-----+--------+

Top non-repeatable levels by time:
     D:3: 1521 daAuts
   Elf:1: 1441 daAuts
     D:4: 1359 daAuts
   Orc:2: 1278 daAuts
     D:6: 1179 daAuts
     D:2: 1028 daAuts
    D:10: 1022 daAuts
     D:8: 997 daAuts
     D:5: 839 daAuts
     D:7: 724 daAuts
    D:11: 720 daAuts
     D:1: 641 daAuts
 Ossuary: 307 daAuts
     D:9: 249 daAuts
   Orc:1: 191 daAuts
